 Dungeon Crawl Stone Soup version 0.31-a0-204-g7da18cac08 (webtiles) character file.

Game seed: 12304822456605484189

2330 qw the Skirmisher (level 9, -2/50 HPs)
             Began as a Deep Elf Hunter on June 27, 2023.
             Slain by a wraith (8 damage)
             ... on level 7 of the Dungeon.
             The game lasted 00:02:22 (5100 turns).

qw the Skirmisher (Deep Elf Hunter)                 Turns: 5100, Time: 00:02:22

Health: -2/50      AC:  9    Str: 12    XL:     9   Next: 19%
Magic:  11/11      EV: 14    Int: 15    God:
Gold:   104        SH:  0    Dex: 24    Spells: 8/8 levels left

rFire   . . .        Y - +0 longbow
rCold   . . .        (shield currently unavailable)
rNeg    + . .        k - +0 ring mail
rPois   .            (helmet restricted)
rElec   .            (no cloak)
rCorr   .            g - +2 pair of gloves
SInv    .            b - +0 pair of boots
Will    .....        f - amulet of regeneration
Stlth   ++           j - +6 ring of dexterity
HPRegen 1.08/turn    n - ring of positive energy
MPRegen 0.12/turn

%: no passive effects
@: slowed, very slow
A: antennae 1
a: no special abilities


You were on level 7 of the Dungeon.
You visited 2 branches of the dungeon, and saw 8 of its levels.

You collected 337 gold pieces.
You spent 233 gold pieces at shops.


Innate Abilities, Weirdness & Mutations

You have a pair of small antennae on your head.


   Skills:
 - Level 3.0 Fighting
 + Level 14.6 Ranged Weapons
 - Level 1.3 Armour
 - Level 6.1 Dodging
 - Level 1.2 Stealth


You had 8 spell levels left.
You didn't know any spells.
Your spell library was empty.

Inventory:

Hand Weapons
 Y - a +0 longbow (weapon)
Armour
 b - a +0 pair of boots (worn)
 g - a +2 pair of gloves (worn)
 i - a +1 leather armour of positive energy
 k - a +0 ring mail (worn)
 l - a +2 cloak of stealth
Jewellery
 f - an amulet of regeneration (around neck)
 j - a +6 ring of dexterity (left hand)
 n - a ring of positive energy (right hand)
Scrolls
 h - 2 scrolls of identify
Potions
 a - a potion of haste
 c - a potion of resistance
 d - 2 potions of mutation
 e - 2 potions of enlightenment

Dungeon Overview and Level Annotations

Branches:
Dungeon (7/15)             Temple (1/1) D:5

Altars:
Ashenzari
Cheibriados
Elyvilon
Gozag
Kikubaaqudgha
Makhleb
Nemelex Xobeh
Qazlal
Ru
Sif Muna
Trog
Uskayaw
Vehumet
Xom
Yredelemnul
Zin
The Shining One

Shops:
D:3 (   D:7 =[

Annotations:
D:6 2 transporters, exclusion: wight, qw's ghost, amateur DEHu


Message History

You kill the orc!
The wraith barely misses you.
A jelly comes into view.
The wraith closely misses you.
You shoot an arrow.
The arrow hits the wraith but does no damage.
The wraith hits you but does no damage.
You shoot an arrow. The arrow hits the wraith!
The wraith is moderately damaged.
The wraith hits you! The wraith drains your vigour!
You feel as though you will be slow longer.
An ogre comes into view. It is wielding a +0 giant club.
The wraith misses you.
You shoot an arrow. The arrow hits the wraith.
The wraith is moderately damaged.
The wraith hits you.
You shoot an arrow.
The arrow hits the wraith but does no damage.
The wraith is moderately damaged.
The wraith hits you! The wraith drains your vigour!
You feel as though you will be slow longer.
The wraith hits you!
You shoot an arrow. The arrow barely misses the wraith.
The arrow hits the kobold.
The kobold is moderately wounded.
The wraith misses you. The wraith hits you! The wraith drains your vigour!
You feel as though you will be slow longer.
You shoot an arrow. The arrow closely misses the wraith.
The arrow closely misses the kobold.
The wraith hits you! The wraith drains your vigour!
You feel as though you will be slow longer.
You shoot an arrow. The arrow hits the wraith.
The wraith is heavily damaged.
The wraith hits you! The wraith drains your vigour!
You feel as though you will be slow longer.
The wraith barely misses you.
You shoot an arrow. The arrow hits the wraith!
The wraith is almost destroyed.
The wraith hits you!
You die...

> #########.# #.
#<......#.# #.##
#.####.... #... .
#.#####.# #..# Y.
#.##....# #..# K..
......#.# ..# ..K
#.##..#.# #.# .)#
#.......# ##@#{.!#
##....#########.)W{#
#.##.#
#.......##KO[#
##.##.# #.......#
J..# ......#
#.......# .)~.
##.####
#.......###.....
#....# #......\#.#
.... ##.#.#
#.../...#.# ##..
###.####.......#.#


You could see a wraith, an ogre, a jelly and a kobold.

Vanquished Creatures
  Eustachio (D:6)
  Menkaure (D:6)
  2 orc warriors
  A sky beast (D:7)
  A black bear (D:6)
  An ice beast (D:6)
  2 kobold brigands
  A phantom (D:7)
  Blork the orc (D:6)
  3 bullfrogs
  2 scorpions
  4 wights (D:6)
  4 hounds
  4 orc priests
  A jelly (D:6)
  3 sleepcaps
  An iguana (D:5)
  6 orc wizards
  3 gnolls (D:4)
  9 adders
  A shadow imp (D:3)
  2 ufetubi
  3 worms
  4 dart slugs
  29 orcs
  8 ball pythons
  7 endoplasms
  5 giant cockroaches
  8 goblins
  9 hobgoblins
  5 jackals (D:3)
  3 quokkas
  7 bats
  4 frilled lizards
  17 kobolds
  7 rats
170 creatures vanquished.

Notes
Turn   | Place    | Note
-------+----------+-------------------------------------------
     0 | D:1      | qw the Deep Elf Hunter began the quest for the Orb.
     0 | D:1      | Reached XP level 1. HP: 12/12 MP: 3/3
     0 | D:1      | 0 ||| qw: Version: 0.3-a-22-g0ed2b0b
     0 | D:1      | 0 ||| qw: Game counter: 6403
     0 | D:1      | 0 ||| qw: Melee chars always use a shield: true
     0 | D:1      | 0 ||| qw: God list: Okawaru
     0 | D:1      | 0 ||| qw: Allow faded altars: false
     0 | D:1      | 0 ||| qw: Do Orc after clearing Dungeon:15 true
     0 | D:1      | 0 ||| qw: Do second Lair branch before Depths: true
     0 | D:1      | 0 ||| qw: Lair rune preference: random
     0 | D:1      | 0 ||| qw: Goals: Normal
     0 | D:1      | 0 ||| PLANNING D:1-11
   139 | D:1      | Reached XP level 2. HP: 16/16 MP: 4/4
   175 | D:1      | Reached skill level 6 in Ranged Weapons
   877 | D:1      | 877 ||| UPGRADING to amulet of regeneration.
   882 | D:1      | 882 ||| READING scroll labelled PONEGIDAAX.
   883 | D:1      | 883 ||| READING scroll labelled WEWNISK LEMYS.
   884 | D:1      | 884 ||| DROPPING scroll of butterflies.
   949 | D:2      | Reached XP level 3. HP: 14/20 MP: 5/5
   992 | D:2      | Found a faded altar of an unknown god.
  1338 | D:2      | Reached skill level 7 in Ranged Weapons
  1774 | D:2      | 1774 ||| READING scroll labelled GEB ILYNIWIWICK.
  1775 | D:2      | 1775 ||| READING 3 scrolls labelled XUAZIEDAU.
  1776 | D:2      | 1776 ||| DRINKING 2 cyan potions.
  1776 | D:2      | Gained mutation: You have a pair of small antennae on your
                  | head. [potion of mutation]
  1777 | D:2      | 1777 ||| DROPPING 2 scrolls of immolation.
  1943 | D:3      | Reached XP level 4. HP: 25/25 MP: 6/6
  1967 | D:3      | Reached skill level 8 in Ranged Weapons
  1967 | D:3      | 1967 ||| FLEEEEING.
  2151 | D:3      | Reached XP level 5. HP: 29/29 MP: 7/7
  2238 | D:3      | 2238 ||| Stepping ~*~*~tactically~*~*~ (outnumbered).
  2350 | D:3      | 2350 ||| Stepping ~*~*~tactically~*~*~ (outnumbered).
  2352 | D:3      | 2352 ||| Stepping ~*~*~tactically~*~*~ (outnumbered).
  2354 | D:3      | 2354 ||| Stepping ~*~*~tactically~*~*~ (outnumbered).
  2587 | D:3      | Reached skill level 9 in Ranged Weapons
  2598 | D:3      | 2598 ||| READING scroll of enchant weapon.
  2598 | D:3      | 2598 ||| ENCHANTING +1 shortbow.
  2613 | D:3      | Found Axini's Weapon Emporium.
  2620 | D:3      | 2620 ||| BUYING +0 longbow (91 gold).
  2620 | D:3      | Bought a +0 longbow for 91 gold pieces
  2620 | D:3      | 2620 ||| SWAPPING to +0 longbow.
  2621 | D:3      | 2621 ||| DROPPING +2 shortbow.
  2703 | D:3      | 2703 ||| UPGRADING to +0 ring mail.
  2713 | D:3      | 2713 ||| DROPPING +0 leather armour.
  2714 | D:3      | 2714 ||| UPGRADING to +6 ring of dexterity.
  2715 | D:3      | 2715 ||| READING scroll labelled YNAITE DIYSEA.
  2719 | D:3      | 2719 ||| READING scroll labelled BUFALUTIREH.
  2720 | D:3      | 2720 ||| READING scroll labelled OHANUNI JOZO.
  2721 | D:3      | 2721 ||| READING 5 scrolls of identify.
  2721 | D:3      | 2721 ||| IDENTIFYING murky emerald potion
  2722 | D:3      | 2722 ||| READING 4 scrolls of identify.
  2722 | D:3      | 2722 ||| IDENTIFYING white potion
  2723 | D:3      | 2723 ||| READING 3 scrolls of identify.
  2723 | D:3      | 2723 ||| IDENTIFYING ruby potion
  2725 | D:3      | 2725 ||| Stepping ~*~*~tactically~*~*~ (cloud).
  2781 | D:4      | 2781 ||| STAIRDANCE
  2823 | D:4      | Reached skill level 3 in Dodging
  2825 | D:4      | Found an opulent altar of Gozag.
  2929 | D:4      | Reached XP level 6. HP: 26/36 MP: 8/8
  3144 | D:4      | Found a broken altar of Ashenzari.
  3290 | D:4      | 3290 ||| READING scroll labelled TOSYCA VEMUTT.
  3291 | D:4      | 3291 ||| READING 3 scrolls of identify.
  3291 | D:4      | 3291 ||| IDENTIFYING golden potion
  3292 | D:4      | 3292 ||| READING 2 scrolls of identify.
  3292 | D:4      | 3292 ||| IDENTIFYING silvery potion
  3293 | D:4      | 3293 ||| DROPPING potion of degeneration.
  3333 | D:5      | Entered Level 5 of the Dungeon
  3500 | D:5      | Reached skill level 10 in Ranged Weapons
  3507 | D:5      | Found a staircase to the Ecumenical Temple.
  3508 | D:5      | 3508 ||| PLANNING TEMPLE
  3508 | D:5      | 3508 ||| UPGRADING to +0 pair of boots.
  3513 | D:5      | 3513 ||| DROPPING +6 ring of intelligence.
  3514 | D:5      | 3514 ||| UPGRADING to ring of positive energy.
  3515 | D:5      | 3515 ||| DRINKING 2 glowing white potions.
  3516 | D:5      | 3516 ||| READING 3 scrolls of identify.
  3516 | D:5      | 3516 ||| IDENTIFYING brown potion
  3517 | D:5      | 3517 ||| DROPPING potion of brilliance.
  3524 | Temple   | Entered the Ecumenical Temple
  3537 | Temple   | 3537 ||| PLANNING D:1-11
  3720 | D:5      | You fall into a shaft and drop 2 floors!
  3816 | D:6      | Reached XP level 7. HP: 40/40 MP: 9/9
  3868 | D:6      | Reached skill level 1 in Armour
  3881 | D:6      | Noticed a cyclops
  3883 | D:6      | Noticed qw's ghost (amateur DEHu)
  3884 | D:6      | Noticed a cyclops
  3885 | D:6      | Found a transporter.
  3939 | D:6      | Found a transporter.
  3949 | D:6      | Noticed Eustachio
  3966 | D:6      | HP: 5/40 [poisoned by Eustachio]
  3966 | D:6      | HP: 1/40 [Eustachio/+3 rapier of venom (4)]
  3967 | D:6      | 3967 ||| DRINKING potion of heal wounds.
  3968 | D:6      | Killed Eustachio
  3969 | D:6      | 3969 ||| DRINKING 2 potions of curing.
  3969 | D:6      | 3969 ||| (to cure poison)
  4069 | D:6      | 4069 ||| FLEEEEING.
  4070 | D:6      | 4070 ||| FLEEEEING.
  4072 | D:6      | 4072 ||| STAIRDANCE
  4117 | D:5      | 4117 ||| DRINKING 2 potions of curing.
  4117 | D:5      | 4117 ||| (to cure confusion)
  4122 | D:5      | 4122 ||| DRINKING potion of curing.
  4122 | D:5      | 4122 ||| (to cure confusion)
  4125 | D:5      | 4125 ||| FLEEEEING.
  4126 | D:5      | 4126 ||| FLEEEEING.
  4127 | D:5      | 4127 ||| FLEEEEING.
  4128 | D:5      | 4128 ||| FLEEEEING.
  4129 | D:5      | 4129 ||| FLEEEEING.
  4130 | D:5      | 4130 ||| FLEEEEING.
  4135 | D:5      | 4135 ||| FLEEEEING.
  4136 | D:5      | 4136 ||| FLEEEEING.
  4138 | D:5      | 4138 ||| Stepping ~*~*~tactically~*~*~ (outnumbered).
  4223 | D:5      | Found a stormy altar of Qazlal.
  4380 | D:6      | Reached skill level 11 in Ranged Weapons
  4386 | D:6      | Reached XP level 8. HP: 23/45 MP: 10/10
  4525 | D:6      | Reached skill level 12 in Ranged Weapons
  4535 | D:6      | Reached skill level 3 in Fighting
  4535 | D:6      | Noticed Menkaure
  4539 | D:6      | Killed Menkaure
  4559 | D:6      | Found a shimmering blue altar of Sif Muna.
  4573 | D:6      | HP: 8/46 [orc warrior/arrow (13)]
  4574 | D:6      | 4574 ||| DRINKING potion of heal wounds.
  4602 | D:6      | Found a bloodstained altar of Trog.
  4764 | D:6      | Noticed Blork the orc
  4769 | D:6      | Reached skill level 13 in Ranged Weapons
  4772 | D:6      | Killed Blork the orc
  4835 | D:6      | 4835 ||| Stepping ~*~*~tactically~*~*~ (outnumbered).
  4968 | D:6      | Reached skill level 14 in Ranged Weapons
  4969 | D:6      | 4969 ||| UPGRADING to +2 pair of gloves.
  5029 | D:7      | Found Suunoug's Jewellery Shop.
  5042 | D:7      | Found Roelu Ruac's Antique Armour Shop.
  5050 | D:7      | 5050 ||| BUYING embroidered cloak (142 gold).
  5050 | D:7      | Bought an embroidered cloak for 142 gold pieces
  5062 | D:7      | Reached XP level 9. HP: 50/50 MP: 11/11
  5063 | D:7      | 5063 ||| Stepping ~*~*~tactically~*~*~ (outnumbered).
  5068 | D:7      | Reached skill level 6 in Dodging
  5098 | D:7      | HP: 10/50 [wraith (8)]
  5099 | D:7      | HP: 4/50 [wraith (7)]
  5100 | D:7      | Slain by a wraith

Levels and vault maps discovered:
D:1:      heliophobic_arrival_glass_houses, layout_loops_ring, serial_aquarium,
          aquarium_bridge_straight [aquarium_subvault_bridge,
          aquarium_subvault_wall, aquarium_subvault_bridge,
          aquarium_subvault_wall], aquarium_bridge_straight
          [aquarium_subvault_bridge, aquarium_subvault_wall,
          aquarium_subvault_bridge, aquarium_subvault_wall],
          aquarium_window_corridor_1, aquarium_window_fake, aquarium_window_1,
          aquarium_window_1, aquarium_view_2c
D:2:      layout_loops_corners, hellmonk_ecumenical_altar_crossroads
D:3:      layout_basic, serial_shops, nicolae_shop_bloodbath_and_beyond,
          minmay_quadrilaterals
D:4:      layout_cave_pools, mainiacjoe_overflow_boulevard,
          mainiacjoe_overflow_six_doors_small
D:5:      layout_basic, general_overflow_altar, minmay_temple_entry_mini_moons
D:6:      layout_loops_cross, nzn_overflow_gifts_of_might_and_magic,
          gammafunk_ghost_arena, minmay_misc_feat_x, grunt_ministairs_3,
          uniq_eustachio, uniq_menkaure, uniq_blork_the_orc
D:7:      layout_loops_cross, grunt_dithmenos_smoke_and_mirrors, serial_shops,
          shop, nicolae_shop_window_shopping, nicolae_shop_mannequins,
          grunt_potential
Temple:   hellmonk_temple_two_chambers

Skill      XL: |  1  2  3  4  5  6  7  8  9 |
---------------+----------------------------+-----
Ranged Weapons | 6 7 8 9 10 11 14 | 14.6
Dodging        | 3 5 6 |  6.1
Fighting       | 2 3 |  3.0
Armour         | 1 |  1.3
Stealth        | |  1.2

Action                     |  1- 3 |  4- 6 |  7- 9 || total
---------------------------+-------+-------+-------++-------
   Fire: Shortbow          |   114 |   104 |       ||   218
         Longbow           |       |    75 |   207 ||   282
    Use: Scroll            |     4 |    11 |       ||    15
         Potion            |     1 |     1 |     5 ||     7
 Armour: Leather armour    |     2 |     9 |       ||    11
         Ring mail         |       |     6 |    21 ||    27
  Dodge: Dodged            |     4 |    54 |    80 ||   138

Table legend:
 A = Non-vault XP
 B = Vault XP
 C = Vault XP percentage of total XP
 D = Non-vault monster count
 E = Vault monster count
 F = Vault count percentage of total count
                 A         B        C        D         E       F
            +---------+---------+-------+---------+---------+-------
      Total |    2028 |    1301 |  39.1 |     143 |      27 |  15.9
            +---------+---------+-------+---------+---------+-------
        D:1 |      33 |       0 |   0.0 |      22 |       0 |   0.0
        D:2 |      49 |       0 |   0.0 |      23 |       0 |   0.0
        D:3 |     182 |      32 |  15.0 |      37 |       6 |  14.0
        D:4 |     212 |       0 |   0.0 |      15 |       0 |   0.0
        D:5 |     271 |       0 |   0.0 |      13 |       0 |   0.0
        D:6 |    1086 |     829 |  43.3 |      26 |      14 |  35.0
        D:7 |     195 |     440 |  69.3 |       7 |       7 |  50.0
            +---------+---------+-------+---------+---------+-------
